 Dungeon Sprint DCSS version 0.29.1-12-g30fa7ad0bf (webtiles) character file.

Game seed: 17828826753137666708

7016 Groucho the Unseen (level 10, -55/51 HPs)
             Began as a Spriggan Enchanter on Dec 17, 2022.
             Was a Priest of Dithmenos.
             Killed from afar by a crystal guardian (66 damage)
             ... with a crystal bolt
             ... in the Dungeon (Sprint II: "The Violet Keep of Menkaure").
             The game lasted 00:08:19 (1302 turns).

Groucho the Unseen (Spriggan Enchanter)             Turns: 1302, Time: 00:08:19

Health: -55/51     AC:  2    Str:  8    XL:     10   Next: 82%
Magic:  17/29      EV: 21    Int: 18    God:    Dithmenos [***...]
Gold:   198        SH:  0    Dex: 15    Spells: 16/38 levels left

rFire   . . .      SeeInvis +   a - +1 dagger
rCold   . . .      Faith    .   (no shield)
rNeg    . . .      Spirit   .   b - +0 robe
rPois   .          Reflect  .   (helmet restricted)
rElec   .          Harm     .   (no cloak)
rCorr   .          Rampage  .   (gloves unavailable)
Will    +....      NoTele   +   (boots unavailable)
Stlth   +++++++++.              (no amulet)
HPRegen 0.17/turn               f - ring of flight
MPRegen 0.21/turn               (no ring)

@: flying, wreathed by umbra, very quick
A: very small, no large weapons, unfitting armour, see invisible, speed 3
a: Renounce Religion, Shadow Step


You were in the Dungeon.
You worshipped Dithmenos.
Dithmenos was most pleased with you.
You visited 1 branch You collected 1053 gold pieces.
You spent 855 gold pieces at shops.

Inventory:

Hand Weapons
 a - a +1 dagger (weapon)
Armour
 b - a +0 robe (worn)
Jewellery
 c - the ring of Gin and Tonic {Ice Str-3 Int+5}
   (You found it in the Dungeon)

   [ring of ice]

   It enhances your ice magic.
   Str:       It affects your strength (-3).
   Int:       It affects your intelligence (+5).
   rF:        It makes you vulnerable to fire.
   rC:        It protects you from cold.
 f - a ring of flight (left hand)
Scrolls
 i - 2 scrolls of blinking
Potions
 g - 2 potions of magic
 h - a potion of berserk rage


   Skills:
 + Level 4.8 Fighting
 - Level 10.0 Short Blades
 + Level 8.4 Dodging
 - Level 17.0 Stealth
 + Level 14.8 Spellcasting
 * Level 6.5 Conjurations
 + Level 14.4 Hexes
 * Level 7.8 Earth Magic


You had 16 spell levels left.
You knew the following spells:

 Your Spells              Type           Power      Damage    Failure   Level
a - Ensorcelled Hibernat  Hex/Ice        78%        N/A       1%          2
b - Confusing Touch       Hex            60%        N/A       1%          3
c - Dazzling Flash        Conj/Hex       100%       N/A       1%          3
d - Tukima's Dance        Hex            60%        N/A       1%          3
e - Stone Arrow           Conj/Erth      78%        3d11      1%          3
f - Lehudib's Crystal Sp  Conj/Erth      19%        10d6      100%        8

Your spell library contained the following spells:

 Spells                   Type           Power      Damage    Failure   Level
 Animate Armour           Summ/Erth      54%        N/A       10%         4


Dungeon Overview and Level Annotations

Branches:
Dungeon (1/1)

Altars:
Cheibriados
Dithmenos
Elyvilon
Fedhas
Gozag
Hepliaklqana
Kikubaaqudgha
Makhleb
Nemelex Xobeh
Okawaru
Qazlal
Ru
Sif Muna
Trog
Uskayaw
Vehumet
Wu Jian
Xom
Yredelemnul
Zin
The Shining One
Jiyva
Lugonu

Shops:
D [:([=!:=!==?[(:

Annotations:
D exclusions: ice statue and oklob plant, Roxanne


Innate Abilities, Weirdness & Mutations

You are very small and have problems with some larger weapons.
You are too small for most types of armour.
You have supernaturally acute eyesight. (SInv)
You cover ground extremely quickly. (Speed+++)


Message History

Ouch! That really hurt!
* * * LOW HITPOINT WARNING * * *
You emit a cloud of dark smoke.
Unknown command.
Unknown command.
Unknown command.
You feel much better.
Casting: Stone Arrow (safe; 1% risk of failure)
Confirm with . or Enter, or press ? or * to list all spells.
Aiming: Stone Arrow (safe; 1% risk of failure)
Press: ? - help, Shift-Dir - straight line, f/p - crystal guardian
Aim: a crystal guardian (black smoke, lightly damaged, umbra, 100% to hit)
The stone arrow hits the crystal guardian.
The crystal guardian is lightly damaged.
The crystal guardian fires a crystalline bolt at you.
The crystal bolt burns you!!
Ouch! That really hurt!
* * * LOW HITPOINT WARNING * * *
You emit a cloud of dark smoke.
Unknown command.
Unknown command.
Unknown command.
Casting: Stone Arrow (safe; 1% risk of failure)
Confirm with . or Enter, or press ? or * to list all spells.
Aiming: Stone Arrow (safe; 1% risk of failure)
Press: ? - help, Shift-Dir - straight line, f/p - crystal guardian
Aim: a crystal guardian (black smoke, lightly damaged, umbra, 100% to hit)
The stone arrow hits the crystal guardian!
The crystal guardian is moderately damaged.
Unknown command.
Unknown command.
Unknown command.
Really fly into a travel-excluded area?
Really fly into a travel-excluded area? [Y]es or [N]o only, please.
Really fly into a travel-excluded area?
The crystal guardian fires a crystalline bolt at you.
The crystal bolt freezes you!!!
Ouch! That really hurt!
You die...

#~~~... #..'....# .# #~~~~.##+#
..#..####.# .# #~~~~###.###.####
+.##§# #~~~~#..#..# ...# #§§§####
#~~####.#.####..#####§§##)# )[?
#~##.###'###.##..#($§§§#.†#▓$)$)$
#~#..)##.##...#..#.$#§§#.÷#▓!!?[$
'~'.#.'.<.'###'..####§§##.#▓!(!$(
#~#...##.##...#.@..###§§.##▓▓▓▓▓▓
#~##.###'###.##......9§§~~~~~~~~~
#~~####..#####~~....§§#§########+
##~~~#..##.#~~~~~§§..~#§§..._._#§
+#~##.#.##~~~~~~§~.~#...._._.#~ #
#~~##+##~~~≈≈≈§~~~~#..._._._#§ §
#~~~~~~~~~§§≈≈§~~~#.._._._.#~ §
#+++#+++#~≈§§≈≈≈≈~#._._._._#~
~~~. ##≈≈≈###≈≈#_._._._.#~


You could see a crystal guardian.

Vanquished Creatures
  A deep elf master archer (D)
  A fire dragon (D)
  2 boulder beetles (D)
  2 hell hogs (D)
  2 death drakes (D)
  A merfolk siren (D)
  A yaktaur (D)
  3 polar bears (D)
  A hornet (D)
  Menkaure (D)
  A swamp drake (D)
  4 scorpions (D)
  3 worms (D)
23 creatures vanquished.

Vanquished Creatures (others)
  A water moccasin (D)
1 creature vanquished.

Grand Total: 24 creatures vanquished

Notes
Turn   | Place    | Note
-------+----------+-------------------------------------------
     0 | D        | Groucho the Spriggan Enchanter began the quest for the Orb.
     0 | D        | Reached XP level 1. HP: 9/9 MP: 5/5
     3 | D        | Noticed a merfolk siren
     6 | D        | Noticed a scorpion
     6 | D        | Noticed a scorpion
     6 | D        | Noticed a scorpion
     6 | D        | Noticed a scorpion
     9 | D        | Noticed a boulder beetle
     9 | D        | Noticed a boulder beetle
    16 | D        | Reached skill level 5 in Stealth
    18 | D        | Reached skill level 6 in Stealth
    27 | D        | Killed a scorpion
    28 | D        | Reached skill level 9 in Stealth
    28 | D        | Reached skill level 5 in Spellcasting
    28 | D        | Reached skill level 5 in Hexes
    28 | D        | Reached XP level 2. HP: 13/13 MP: 6/9
    28 | D        | Reached XP level 3. HP: 16/16 MP: 6/10
    28 | D        | Killed a scorpion
    29 | D        | Reached skill level 11 in Stealth
    29 | D        | Reached XP level 4. HP: 21/21 MP: 7/13
    31 | D        | Killed a scorpion
    32 | D        | Reached skill level 12 in Stealth
    32 | D        | Reached XP level 5. HP: 24/24 MP: 7/15
    33 | D        | Reached skill level 13 in Stealth
    45 | D        | Killed a merfolk siren
    46 | D        | Reached skill level 16 in Stealth
    46 | D        | Reached XP level 6. HP: 28/28 MP: 8/19
    46 | D        | Reached XP level 7. HP: 32/32 MP: 8/20
    55 | D        | Killed a boulder beetle
    56 | D        | Reached skill level 17 in Stealth
    56 | D        | Reached XP level 8. HP: 36/36 MP: 9/24
    62 | D        | Killed a boulder beetle
    90 | D        | Noticed Roxanne
   190 | D        | Learned a level 2 spell: Ensorcelled Hibernation
   194 | D        | Learned a level 3 spell: Confusing Touch
   198 | D        | Learned a level 3 spell: Dazzling Flash
   202 | D        | Learned a level 3 spell: Tukima's Dance
   501 | D        | Found Joekoloy's Book Emporium.
   501 | D        | Found Udenou's Magic Scroll Shoppe.
   501 | D        | Found Noviqido's Antique Weapon Shoppe.
   501 | D        | Found Arerig's Jewellery Emporium.
   502 | D        | Found Kitzeas's Armour Emporium.
   502 | D        | Found Navumydas's Distillery.
   502 | D        | Found Bionic's Jewellery Emporium.
   502 | D        | Found Ydouqis's Book Shoppe.
   503 | D        | Found Foifaeb's Jewellery Shoppe.
   503 | D        | Found Ziaffil's Jewellery Emporium.
   503 | D        | Found Ephiz's Distillery.
   503 | D        | Noticed Menkaure
   503 | D        | Noticed a shining eye
   519 | D        | Killed Menkaure
   691 | D        | Found Eheiffeossy's Antique Armour Shoppe.
   691 | D        | Found Humpu's Antique Weapon Emporium.
   691 | D        | Noticed a shining eye
   691 | D        | Noticed a shining eye
   691 | D        | Noticed an oklob plant
   692 | D        | Found Piuweimm's Antique Armour Shoppe.
   692 | D        | Found Wacaec's Book Shoppe.
   695 | D        | Noticed an iron elemental
   737 | D        | Bought a runed scarf for 176 gold pieces
   748 | D        | Bought a ring of flight for 175 gold pieces
   768 | D        | Bought a book of Armaments for 504 gold pieces
   772 | D        | Learned a level 3 spell: Stone Arrow
   795 | D        | Found a snail-covered altar of Cheibriados.
   796 | D        | Found a shadowy altar of Dithmenos.
   797 | D        | Found a white marble altar of Elyvilon.
   797 | D        | Found an ancient bone altar of Kikubaaqudgha.
   797 | D        | Found a viscous altar of Jiyva.
   798 | D        | Found a blossoming altar of Fedhas.
   798 | D        | Found a corrupted altar of Lugonu.
   798 | D        | Found a shimmering blue altar of Sif Muna.
   800 | D        | Found an opulent altar of Gozag.
   800 | D        | Found a burning altar of Makhleb.
   800 | D        | Found a bloodstained altar of Trog.
   801 | D        | Found a sparkling altar of Nemelex Xobeh.
   801 | D        | Found a hide-covered altar of Uskayaw.
   802 | D        | Found a basalt altar of Yredelemnul.
   803 | D        | Found an iron altar of Okawaru.
   803 | D        | Found a radiant altar of Vehumet.
   803 | D        | Found a glowing silver altar of Zin.
   803 | D        | Found a hazy altar of Hepliaklqana.
   803 | D        | Found a sacrificial altar of Ru.
   803 | D        | Found a shimmering altar of Xom.
   803 | D        | Noticed a hornet
   803 | D        | Noticed a polar bear
   804 | D        | Found a stormy altar of Qazlal.
   804 | D        | Found an ornate altar of the Wu Jian Council.
   804 | D        | Found a glowing golden altar of the Shining One.
   804 | D        | Noticed a yaktaur
   808 | D        | Became a worshipper of Dithmenos the Shadowed
   815 | D        | Noticed a polar bear
   815 | D        | Noticed a polar bear
   816 | D        | Killed a polar bear
   817 | D        | Reached skill level 1 in Conjurations
   817 | D        | Reached skill level 1 in Earth Magic
   817 | D        | Reached XP level 9. HP: 40/40 MP: 25/27
   817 | D        | Killed a polar bear
   818 | D        | Reached skill level 1 in Fighting
   819 | D        | Killed a polar bear
   819 | D        | Reached * piety under Dithmenos
   820 | D        | Reached skill level 10 in Short Blades
   822 | D        | Killed a yaktaur
   830 | D        | Noticed a fire dragon
   832 | D        | Killed a fire dragon
   832 | D        | Reached ** piety under Dithmenos
   833 | D        | Reached skill level 5 in Dodging
   838 | D        | Noticed a deep elf master archer
   843 | D        | Killed a deep elf master archer
   844 | D        | Reached skill level 5 in Conjurations
   844 | D        | Reached XP level 10. HP: 49/49 MP: 27/29
   850 | D        | Noticed a hell hog
   850 | D        | Noticed a hell hog
   855 | D        | Killed a hell hog
   857 | D        | Killed a hell hog
   857 | D        | Reached *** piety under Dithmenos
  1205 | D        | Learned a level 8 spell: Lehudib's Crystal Spear
  1213 | D        | Noticed a death drake
  1219 | D        | Noticed a death drake
  1220 | D        | Noticed a crystal guardian
  1221 | D        | Killed a death drake
  1254 | D        | Noticed an ice statue
  1261 | D        | Identified the ring of Gin and Tonic {Ice Str-3 Int+5}
  1287 | D        | Killed a death drake
  1302 | D        | Killed from afar by a crystal guardian

Illustrated notes

Levels and vault maps discovered:
D:        the_violet_keep_of_menkaure [sprint2_stairs_cluster_1,
          sprint2_shoproom, sprint2_temple, sprint2_basic_supplies,
          sprint2_obstacle_6, sprint2_obstacle_2, sprint2_obstacle_1,
          sprint2_obstacle_4, sprint2_obstacle_7, sprint2_timed_cluster_1,
          sprint2_smallroom_cluster_1, sprint2_smallroom_final_cluster_1,
          sprint2_transparent_cluster_1, sprint2_second_timed_cluster_1,
          sprint2_sniper_area_1, sprint2_heavy_combat_area_1,
          sprint2_mutation_trap_area_1, sprint2_forest_area_1,
          sprint2_light_combat_area_1, sprint2_behind_water_1,
          sprint2_near_end_vault_1]

Skill      XL: |  1  2  3  4  5  6  7  8  9 10 |
---------------+-------------------------------+-----
Stealth        | 9 11 12 16 17 | 17.0
Spellcasting   | 5 6 7 9 11 13 14 | 14.8
Hexes          | 5 6 7 9 11 12 13 14 | 14.4
Short Blades   | 4 7 9 10 | 10.0
Dodging        | 3 6 8 |  8.4
Conjurations   | 1 5 6 |  6.5
Earth Magic    | 1 6 7 |  7.8
Fighting       | 3 4 |  4.8

Action                   |  1- 3 |  4- 6 |  7- 9 | 10-12 || total
-------------------------+-------+-------+-------+-------++-------
Melee: Dagger            |     4 |     7 |    35 |     6 ||    52
 Cast: Confusing Touch   |       |       |     1 |       ||     1
       Ensorcelled Hiber |       |       |       |     8 ||     8
       Stone Arrow       |       |       |       |     3 ||     3
Invok: Shadow Step       |       |       |       |     1 ||     1
  Use: Potion            |     2 |       |     1 |     2 ||     5
 Stab: Sleeping          |     4 |     2 |     8 |     5 ||    19
       Invisible         |       |     2 |     3 |       ||     5
       Confused          |       |       |     1 |       ||     1
Dodge: Dodged            |       |     1 |     6 |     3 ||    10
